 Dungeon Crawl Stone Soup version 0.30.1-3-gfc49f6343a (webtiles) character file.

Game seed: 7153656850003989946

46813 spardeous the Destroyer (level 13, -48/105 HPs)
             Began as a Demigod Conjurer on Aug 4, 2023.
             Annihilated by a komodo dragon (63 damage)
             ... on level 5 of the Lair of Beasts.
             The game lasted 00:50:55 (30505 turns).

spardeous the Destroyer (Demigod Conjurer)         Turns: 30505, Time: 00:50:56

Health: -48/105    AC: 12    Str: 10    XL:     13   Next: 68%
Magic:  19/31      EV:  2    Int: 32    God:
Gold:   1898       SH:  0    Dex: 12    Spells: 16/32 levels left

rFire   . . .        R - +8 short sword of the Resonant God {heavy, Will+}
rCold   . . .        a - +0 kite shield
rNeg    . . .        h - +3 leather armour
rPois   .            v - +0 helmet
rElec   .            P - +0 cloak
rCorr   .            E - +1 pair of gloves
SInv    .            J - +0 pair of boots
Will    ++...        S - amulet of regeneration
Stlth   ++           t - ring of wizardry
HPRegen 1.17/turn    D - ring of flight
MPRegen 0.22/turn

%: wizardry (x1)
@: lethally poisoned (-48 -> -49), sleeping, flying
A: high MP 1, forlorn, divine attributes, weak 1
a: no special abilities


You were on level 5 of the Lair of Beasts.
You visited 2 branches of the dungeon, and saw 17 of its levels.

You collected 1898 gold pieces.

Inventory:

Hand Weapons
 i - a +3 dagger
 u - the +4 trident of Imbalance {heavy, Will++ Str-2}
   (You took it off a deep elf pyromancer on level 11 of the Dungeon)

   Str:       It affects your strength (-2).
   Will:      It greatly increases your willpower.
 z - a +2 dagger of venom
 G - a +4 mace of freezing
 Q - the +3 mace "Cexiacic" {antimagic, rF+ Will++}
   (You found it on level 3 of the Lair of Beasts)

   rF:        It protects you from fire.
   Will:      It greatly increases your willpower.
 R - the +8 short sword of the Resonant God (weapon) {heavy, Will+}
   (You found it on level 1 of the Lair of Beasts)

   Will:      It increases your willpower.
Missiles
 o - 2 throwing nets
Armour
 a - a +0 kite shield (worn)
 h - a +3 leather armour (worn)
 v - a +0 helmet (worn)
 E - a +1 pair of gloves (worn)
 J - a +0 pair of boots (worn)
 P - a +0 cloak (worn)
Jewellery
 t - a ring of wizardry (left hand)
 y - an amulet of guardian spirit
 D - a ring of flight (right hand)
 S - an amulet of regeneration (around neck)
Wands
 j - a wand of paralysis (6)
 L - a wand of flame (14)
Scrolls
 d - 3 scrolls of poison
 e - 3 scrolls of enchant armour {unknown}
 f - 6 scrolls of teleportation {unknown}
 g - 5 scrolls of vulnerability {unknown}
 k - 4 scrolls of fog {unknown}
 m - 2 scrolls of magic mapping {unknown}
 n - 2 scrolls of immolation
 q - 2 scrolls of noise {unknown}
 r - 3 scrolls of blinking
 x - 4 scrolls of amnesia {unknown}
 A - 2 scrolls of enchant weapon {unknown}
 H - 5 scrolls of fear {unknown}
 I - a scroll of brand weapon
Potions
 b - 2 potions of mutation {unknown}
 c - 5 potions of lignification
 l - 5 potions of degeneration
 p - a potion of flight
 s - 3 potions of brilliance
 w - 2 potions of invisibility
 B - 2 potions of cancellation
 C - 3 potions of might
 K - a potion of ambrosia
 M - a potion of attraction
 N - a potion of haste
 O - a potion of curing
Miscellaneous
 F - a phantom mirror


   Skills:
 - Level 7.1 Fighting
 - Level 5.2 Armour
 - Level 5.7 Dodging
 - Level 1.7 Stealth
 - Level 7.6 Shields
 - Level 10.0 Spellcasting
 - Level 11.0 Conjurations
 + Level 4.3 Necromancy
 - Level 10.0 Translocations
 + Level 4.3 Earth Magic


You had 16 spell levels left.
You knew the following spells:

 Your Spells              Type           Power      Damage    Failure   Level
a - Magic Dart            Conj           100%       1d8       1%          1
b - Searing Ray           Conj           100%       2d8       1%          2
c - Iskenderun's Mystic   Conj/Tloc      70%        2d14      1%          4
d - Fulminant Prism       Conj/Hex       25%        3d14      6%          4
e - Borgnjor's Vile Clut  Necr/Erth      22%        N/A       26%         5

Your spell library contained the following spells:

 Spells                   Type           Power      Damage    Failure   Level
 Apportation              Tloc           100%       N/A       1%          1
 Necrotise                Necr           100%       1d9       1%          1
 Blink                    Tloc           100%       N/A       1%          2
 Lesser Beckoning         Tloc           100%       N/A       1%          2
 Momentum Strike          Conj/Tloc      100%       3d10      1%          2
 Dazzling Flash           Conj/Hex       100%       N/A       1%          3
 Gell's Gravitas          Tloc           69%        N/A       1%          3
 Teleport Other           Tloc           69%        N/A       1%          3
 Portal Projectile        Hex/Tloc       96%        N/A       2%          3
 Vampiric Draining        Necr           44%        2d9       2%          3
 Mephitic Cloud           Conj/Pois/Air  39%        N/A       3%          3
 Summon Small Mammal      Summ           64%        N/A       6%          1
 Flame Wave               Conj/Fire      50%        2d12      6%          4
 Sticky Flame             Conj/Fire      50%        2d7       6%          4
 Poisonous Vapours        Pois/Air       32%        N/A       9%          2
 Scorch                   Fire           32%        2d6       9%          2
 Animate Dead             Necr           44%        N/A       9%          4
 Dispersal                Tloc           34%        N/A       14%         6
 Call Canine Familiar     Summ           16%        N/A       16%         3
 Ignite Poison            Fire/Tmut/Pois 16%        N/A       16%         3
 Leda's Liquefaction      Hex/Erth       15%        N/A       22%         4
 Agony                    Necr           44%        N/A       26%         5
 Freezing Cloud           Conj/Ice/Air   19%        6-21      32%         5
 Death Channel            Necr           22%        N/A       77%         6
 Summon Cactus Giant      Summ           8%         N/A       100%        6
 Ignition                 Fire           8%         3d5       100%        8


Dungeon Overview and Level Annotations

Branches:
Dungeon (12/15)            Temple (0/1) D:5            Lair (5/5) D:9
 Shoals (0/4) Lair:2       Spider (0/4) Lair:2        Slime (0/5) Lair:4
    Orc (0/2) D:11

Shops:
D:10 *

Annotations:
D:10 2 transporters, 3 runed translucent doors, zzuzz's ghost, journeyman DrFE
D:12 Urug
Lair:2 jurchenman's ghost, journeyman MiFi
Lair:5 3 runed translucent doors, exclusion: oklob plant, LordWeiramon's ghost, journeyman DsAr


Innate Abilities, Weirdness & Mutations

You have an increased reservoir of magic. (+10% MP)
You shall have no god before yourself.
Your divine heritage dramatically boosts your attributes as you level up.
You are weak. (Str -2)


Message History

The dream sheep is severely wounded.
The dream sheep is knocked back by the mystic blast.
The dream sheep slams into the rock wall!
You kill the dream sheep!
The mystic blast hits the cane toad.
The cane toad is lightly wounded.
The cane toad is knocked back by the mystic blast.
The mystic blast hits the komodo dragon but does no damage.
You feel very sick.
The komodo dragon bites you but does no damage.
You take 2 damage, and have 20/105 hp.
You now have 27/31 mp.
Casting: Iskenderun's Mystic Blast (mildly dangerous; 1% risk of failure)
Confirm with . or Enter, or press ? or * to list all spells.
You erupt in a blast of force!
The mystic blast hits the plant!
The plant is moderately damaged.
The mystic blast hits the komodo dragon!
The komodo dragon is moderately wounded.
You feel sick. The komodo dragon bites you.
* * * LOW HITPOINT WARNING * * *
You take 4 damage, and have 16/105 hp.
You now have 23/31 mp.
Casting: Iskenderun's Mystic Blast (mildly dangerous; 1% risk of failure)
Confirm with . or Enter, or press ? or * to list all spells.
You erupt in a blast of force!
The mystic blast hits the plant!!
The plant is moderately damaged.
The mystic blast hits the dream sheep!
The dream sheep is heavily wounded.
The dream sheep is knocked back by the mystic blast.
The dream sheep slams into the rock wall!
The dream sheep is severely wounded.
The mystic blast hits the komodo dragon!
The komodo dragon is moderately wounded.
The komodo dragon is knocked back by the mystic blast.
You feel sick.
The dream sheep shake their wool and sparkle.
You feel drowsy...
You fall asleep.
You feel sick.
A black mamba comes into view.
The komodo dragon bites you!!!
Ouch! That really hurt!
You die...

........ #.#....# S.....#
##.....# #......##
###.......# ...†...F..##
#P..YYYl#..# ##....##@.##
#.YY. #.#.P## Y..Y
##....#### #Y# ##...##.##♣
# #P..###..# ##..#....####
### ##.....#.....#
#####≈####..#..#......#
####~~#≈...#.......#....##


You could see a komodo dragon, a black mamba, a cane toad and 3 dream sheep.

Vanquished Creatures
  A tengu reaver (D:11)
  An ettin (D:11)
  5 hydras
  An ice dragon (D:11)
  An ogre mage (D:11)
  A catoblepas (Lair:2)
  A centaur warrior (D:11)
  A two-headed ogre (D:10)
  6 death yaks (Lair:5)
  A tengu warrior (D:10)
  A skyshark (Lair:4)
  3 lindwurms (Lair:3)
  A deep elf pyromancer (D:11)
  Pikel (D:4)
  A wolf spider (D:11)
  An oklob plant (D:6)
  8 elephants
  A merfolk siren (Lair:2)
  A black mamba (Lair:2)
  6 cane toads
  2 rime drakes (Lair:3)
  5 komodo dragons
  2 kobold demonologists
  2 tengu conjurers (D:11)
  8 polar bears
  17 blink frogs
  2 hornets
  A dream sheep (shapeshifter) (D:11)
  A dream sheep (Lair:5)
  A vampire (D:11)
  A jumping spider (Lair:2)
  A wraith (D:11)
  A ynoxinul (Lair:5)
  64 yaks
  9 wyverns
  5 basilisks
  A steam dragon (Lair:2)
  2 vampire mosquitoes (D:11)
  9 water moccasins
  An acid dragon (D:10)
  A sky beast (D:7)
  An orc warrior (D:9)
  4 ice beasts
  2 black bears (D:7)
  13 wolves
  3 centaurs
  3 lemures
  A kobold brigand (D:8)
  8 bullfrogs
  2 scorpions (D:4)
  4 wights (D:8)
  9 killer bees
  5 electric eels
  5 howler monkeys
  8 jellies
  8 orc priests
  4 hounds
  A gnoll bouda (D:5)
  3 sleepcaps
  4 iguanas
  6 orc wizards
  5 hell rats (Lair:3)
  Robin (D:4)
  5 gnolls
  8 adders
  A shadow imp (D:7)
  3 white imps
  3 worms
  3 dart slugs
  45 orcs
  2 ball pythons
  9 endoplasms
  4 giant cockroaches
  18 goblins
  6 hobgoblins
  3 jackals (D:5)
  5 quokkas
  11 bats
  3 frilled lizards
  13 kobolds
  4 rats
  A fulminant prism (D:11)
426 creatures vanquished.

Vanquished Creatures (others)
  An orc warlord (D:11)
  21 fulminant prisms
22 creatures vanquished.

Grand Total: 448 creatures vanquished

Notes
Turn   | Place    | Note
-------+----------+-------------------------------------------
     0 | D:1      | spardeous the Demigod Conjurer began the quest for the Orb.
     0 | D:1      | Reached XP level 1. HP: 14/14 MP: 5/5
   659 | D:1      | Reached XP level 2. HP: 20/20 MP: 4/7
   945 | D:1      | Reached skill level 4 in Conjurations
  1559 | D:2      | Learned a level 2 spell: Searing Ray
  2255 | D:3      | Reached XP level 3. HP: 26/26 MP: 6/9
  2682 | D:3      | Reached XP level 4. HP: 16/33 MP: 3/11
  3902 | D:4      | Noticed an ice beast
  3910 | D:4      | Killed an ice beast
  3911 | D:4      | Reached skill level 5 in Conjurations
  3911 | D:4      | Reached XP level 5. HP: 20/38 MP: 4/13
  4049 | D:4      | Learned a level 4 spell: Iskenderun's Mystic Blast
  4148 | D:4      | Noticed Robin
  4153 | D:4      | Reached XP level 6. HP: 29/45 MP: 2/15
  4159 | D:4      | Noticed Pikel
  4305 | D:4      | Killed Robin
  4380 | D:4      | Killed Pikel
  4381 | D:4      | Reached skill level 5 in Spellcasting
  4381 | D:4      | Reached skill level 6 in Conjurations
  4381 | D:4      | Reached XP level 7. HP: 42/50 MP: 7/18
  5030 | D:4      | Reached skill level 7 in Conjurations
  5083 | D:4      | Learned a level 4 spell: Fulminant Prism
  5673 | D:5      | Entered Level 5 of the Dungeon
  5679 | D:5      | Reached skill level 1 in Translocations
  5885 | D:5      | Reached XP level 8. HP: 51/57 MP: 11/20
  6101 | D:5      | Learned a level 5 spell: Borgnjor's Vile Clutch
  6254 | D:5      | Found a staircase to the Ecumenical Temple.
  7504 | D:6      | Noticed an oklob plant
  7524 | D:6      | Killed an oklob plant
  8131 | D:6      | Identified a scroll of acquirement
  8443 | D:7      | Reached skill level 1 in Shields
  8443 | D:7      | Reached XP level 9. HP: 62/62 MP: 20/24
  9282 | D:7      | Reached skill level 5 in Shields
 11259 | D:8      | Acquired 798 gold pieces
 11298 | D:8      | Reached skill level 5 in Translocations
 11298 | D:8      | Reached XP level 10. HP: 16/69 MP: 8/25
 13197 | D:9      | Found a staircase to the Lair.
 13856 | D:10     | Entered Level 10 of the Dungeon
 14488 | D:10     | Found a transporter.
 14493 | D:10     | Noticed a cyclops
 14496 | D:10     | Found a transporter.
 14496 | D:10     | Noticed a white ugly thing
 14574 | D:10     | a komodo dragon changed into a lindwurm
 14574 | D:10     | Noticed a lindwurm (shapeshifter)
 14647 | D:10     | a lindwurm changed into an orb spider
 14647 | D:10     | Noticed an orb spider (shapeshifter)
 14715 | D:10     | Found a runed translucent gate.
 14716 | D:10     | Found a runed translucent gate.
 14717 | D:10     | Found a runed translucent gate.
 14719 | D:10     | Noticed zzuzz's ghost (journeyman DrFE)
 14720 | D:10     | Found Dieze's Assorted Antiques.
 14765 | D:10     | Noticed a two-headed ogre
 14778 | D:10     | Killed a two-headed ogre
 15106 | D:10     | Noticed a glowing orange brain
 15111 | D:10     | a glowing orange brain changed into a lindwurm
 15111 | D:10     | Noticed a lindwurm (shapeshifter)
 15149 | D:11     | Reached XP level 11. HP: 73/74 MP: 4/27
 15298 | D:11     | Gained mutation: You are weak. (Str -2) [a neqoxec]
 15315 | D:10     | a lindwurm changed into a salamander
 15347 | D:10     | a dream sheep changed into a death drake
 15347 | D:10     | Noticed a death drake (shapeshifter)
 15355 | D:10     | a death drake changed into a redback
 15394 | D:10     | a faun changed into a shock serpent
 15394 | D:10     | Noticed a shock serpent (shapeshifter)
 15399 | D:10     | a shock serpent changed into a wolf spider
 15442 | D:11     | Found a staircase to the Orcish Mines.
 15501 | D:11     | Reached skill level 8 in Conjurations
 15642 | D:11     | Noticed a fire crab
 15642 | D:11     | Noticed a boulder beetle
 15650 | D:11     | a fire crab changed into a dream sheep
 16152 | D:10     | Noticed a death drake
 16154 | D:10     | a death drake changed into an orb spider
 16154 | D:10     | Noticed an orb spider (shapeshifter)
 16223 | Lair:1   | Entered Level 1 of the Lair of Beasts
 16506 | D:9      | Reached skill level 9 in Conjurations
 16852 | Lair:1   | Identified the +8 short sword of the Resonant God {heavy,
                  | Will+}
 17941 | Lair:2   | Found a transporter.
 17951 | Lair:2   | Noticed a six-headed hydra
 17957 | Lair:2   | Noticed a five-headed hydra
 18314 | Lair:2   | Killed a five-headed hydra
 18315 | Lair:2   | Reached skill level 10 in Spellcasting
 18500 | Lair:2   | Noticed a catoblepas
 18501 | Lair:2   | Noticed jurchenman's ghost (journeyman MiFi)
 18511 | Lair:2   | Found a transporter.
 18517 | Lair:2   | Reached skill level 10 in Conjurations
 18519 | Lair:2   | Reached skill level 1 in Fighting
 19007 | Lair:2   | Reached XP level 12. HP: 65/88 MP: 6/30
 19430 | Lair:2   | Found a staircase to the Shoals.
 19963 | Lair:2   | Found a hole to the Spider Nest.
 20098 | Lair:2   | You are sucked into a shaft and drop 2 floors!
 20342 | Lair:4   | Noticed a seven-headed hydra
 20352 | Lair:4   | Killed a seven-headed hydra
 20353 | Lair:4   | Reached skill level 11 in Conjurations
 20826 | Lair:4   | Identified the +4 robe of Faown {Will- rCorr Dex-4 SInv}
 20860 | Lair:4   | Reached skill level 1 in Armour
 21010 | Lair:4   | Found a staircase to the Slime Pits.
 21096 | Lair:4   | Reached skill level 5 in Fighting
 22594 | Lair:3   | Noticed an eight-headed hydra
 22700 | Lair:3   | Killed an eight-headed hydra
 23058 | Lair:3   | Identified the +3 mace "Cexiacic" {antimagic, rF+ Will++}
 24003 | D:12     | Noticed Urug
 24155 | D:11     | a boulder beetle changed into an ice dragon
 24155 | D:11     | Noticed an ice dragon
 24162 | D:11     | Killed an ice dragon
 24325 | D:11     | Noticed a centaur warrior
 24337 | D:11     | Killed a centaur warrior
 24370 | D:11     | Identified the +4 trident of Imbalance {heavy, Will++
                  | Str-2}
 24444 | D:11     | Noticed an ogre mage
 24451 | D:11     | Killed an ogre mage
 24466 | D:11     | Noticed an ettin
 24958 | D:11     | Noticed an ettin
 24959 | D:11     | Killed an ettin
 24960 | D:11     | Reached XP level 13. HP: 102/102 MP: 3/31
 24961 | D:11     | Noticed a tengu reaver
 25532 | D:11     | Killed an orc warlord
 25576 | D:11     | Killed a tengu reaver
 25999 | Lair:2   | Reached skill level 10 in Translocations
 26255 | Lair:2   | Reached skill level 5 in Dodging
 27632 | Lair:5   | Entered Level 5 of the Lair of Beasts
 27972 | Lair:5   | Reached skill level 5 in Armour
 28312 | Lair:5   | Found a runed translucent gate.
 28313 | Lair:5   | Found a runed translucent gate.
 28314 | Lair:5   | Found a runed translucent gate.
 28333 | Lair:5   | Reached skill level 1 in Necromancy
 28333 | Lair:5   | Reached skill level 1 in Earth Magic
 28643 | Lair:5   | Noticed LordWeiramon's ghost (journeyman DsAr)
 30505 | Lair:5   | Annihilated by a komodo dragon

Illustrated notes

Levels and vault maps discovered:
D:1:      mrwooster_arrival_statue_2, layout_basic
D:2:      layout_basic, minmay_strange_pillars, minivault_4,
          kennysheep_big_empty_room
D:3:      layout_basic
D:4:      layout_basic, uniq_robin, uniq_pikel
D:5:      layout_basic, minmay_temple_entry_tees, minmay_crossroads
D:6:      layout_loops_cross, tgw_fedhas
D:7:      layout_cave_pods, nicolae_hepliaklqana_hazy_memory,
          grunt_temple_overflow_open, grunt_ministairs_13, bh_walls_and_bars
D:8:      layout_basic, minitemple, serial_ice, serial_ice_i, serial_ice_n,
          serial_ice_d, serial_ice_f
D:9:      nicolae_cairo_tiling_large_dashed, layout_long_grid,
          chequers_serial_rivers_small_3, dreamdust_princess_corridor
D:10:     layout_irregular_city, gammafunk_temple_overflow_arena,
          ebering_ghost_gozag
D:11:     minmay_tearing_corner, layout_rooms, orc_0_dummy,
          nicolae_qazlal_scattered_showers
D:12:     layout_roguey, serial_shops, nicolae_lakefront_shop, abandoned_shop,
          minmay_fountain_box, uniq_frances, uniq_urug
Lair:1:   layout_chaotic_city, serial_bayou_shore_a
Lair:2:   layout_regular_city, minmay_shoals_entry_lonely_mermaid,
          spider_nest_entry_rubble, nzn_ghost_randoct
Lair:3:   layout_regular_city, nicolae_lair_lindhole
Lair:4:   layout_loops_ring, slime_entry_1, cheibrodos_lair_lostbears
Lair:5:   hellmonk_lair_end_abyssal_woods, layout_cave_pods,
          gammafunk_ghost_icy, minmay_lair_oklob_bushes, minmay_hedge_maze,
          chequers_serial_rivers_small_a

Skill      XL: |  1  2  3  4  5  6  7  8  9 10 11 12 13 |
---------------+----------------------------------------+-----
Spellcasting   | 2 3 4 5 7 8 10 | 10.0
Conjurations   | 4 5 6 7 10 11 | 11.0
Translocations | 3 4 5 9 10 | 10.0
Shields        | 1 7 |  7.6
Fighting       | 2 6 7 |  7.1
Dodging        | 4 5 |  5.7
Armour         | 4 5 |  5.2
Necromancy     | 4 |  4.3
Earth Magic    | 4 |  4.3
Stealth        | |  1.7

Action                     |  1- 3 |  4- 6 |  7- 9 | 10-12 | 13-15 || total
---------------------------+-------+-------+-------+-------+-------++-------
  Melee: Unarmed           |    10 |       |       |       |       ||    10
         Dagger            |       |     8 |    13 |       |       ||    21
         Mace              |       |       |     8 |    31 |       ||    39
         Short sword       |       |       |       |       |    41 ||    41
   Cast: Magic Dart        |    93 |    69 |   157 |     6 |     3 ||   328
         Searing Ray       |     1 |    14 |    29 |     6 |     7 ||    57
         Iskenderun's Myst |       |       |    68 |   376 |   180 ||   624
         Fulminant Prism   |       |       |    11 |     3 |     8 ||    22
  Evoke: Wand              |       |       |       |     4 |     3 ||     7
    Use: Scroll            |       |       |    12 |     6 |     2 ||    20
         Potion            |       |       |       |     3 |     2 ||     5
 Armour: Robe              |     7 |       |       |       |       ||     7
         Leather armour    |     3 |    23 |    34 |    19 |    50 ||   129
         Ring mail         |       |       |       |    76 |       ||    76
  Dodge: Dodged            |    19 |    23 |    59 |    99 |    71 ||   271
  Block: Kite shield       |       |       |    16 |   169 |    94 ||   279
